 Dungeon Sprint DCSS version 0.24-a0-535-gbb0d440 (webtiles) character file.

Game seed: 17028743986729726722

966 silentkaos13 the Cleaver (level 7, 0/79 HPs)
             Began as a Minotaur Chaos Knight on Aug 11, 2019.
             Was a Plaything of Xom.
             Slain by Sonja the yaktaur (shapeshifter)
             ... wielding a +0 short sword of venom
              (10 damage)
             ... in the Dungeon (Sprint I: "Red Sonja").
             The game lasted 00:02:26 (1106 turns).

silentkaos13 the Cleaver (Minotaur Chaos Knight)    Turns: 1106, Time: 00:02:26

Health: 0/79       AC:  5    Str: 19    XL:     7   Next: 93%
Magic:  6/6        EV: 13    Int:  9    God:    Xom [......]
Gold:   330        SH:  0    Dex:  9    Spells: 6/6 levels left

rFire    . . .     SeeInvis .   a - +1 hand axe (chaos)
rCold    . . .     Gourm    .   (no shield)
rNeg     . . .     Faith    .   j - +2 leather armour {MR+}
rPois    .         Spirit   .   (helmet restricted)
rElec    .         Reflect  .   (no cloak)
rCorr    .         Harm     .   (no gloves)
MR       +....     NoTele   +   (no boots)
Stlth    ++........             (no amulet)
HPRegen  0.23/turn              (no ring)
MPRegen  0.10/turn              (no ring)

@: lethally poisoned (0 -> -35), slowed, very slow
A: retaliatory headbutt, horns 2
a: Renounce Religion


You were in the Dungeon.
You worshipped Xom.
You were a very special plaything of Xom.
You were hungry.

You visited 1 branch You collected 405 gold pieces.
You spent 75 gold pieces at shops.

Inventory:

Hand Weapons
 a - a +1 hand axe of chaos (weapon)
Armour
 b - a +2 leather armour
 j - a +2 leather armour of magic resistance (worn)
Scrolls
 i - 2 scrolls of blinking
 k - 2 scrolls of remove curse {unknown}
Potions
 d - a potion of curing
 f - a potion of haste
 g - 2 potions of magic
 h - a potion of berserk rage
 l - a potion of ambrosia {unknown}
Comestibles
 c - a ration


   Skills:
 + Level 13.2 Fighting
 + Level 13.3 Axes
 + Level 7.0 Armour
 + Level 4.1 Dodging
 + Level 2.7 Stealth


You had 6 spell levels left.
You didn't know any spells.
Your spell library was empty.

Dungeon Overview and Level Annotations

Branches:
Dungeon (1/1)

Altars:
Cheibriados
Dithmenos
Elyvilon
Fedhas
Gozag
Hepliaklqana
Kikubaaqudgha
Makhleb
Nemelex Xobeh
Okawaru
Qazlal
Ru
Sif Muna
Trog
Uskayaw
Vehumet
Wu Jian
Xom
Yredelemnul
Zin
The Shining One
Jiyva
Lugonu

Shops:
D *

Annotations:
D Sonja


Innate Abilities, Weirdness & Mutations

You reflexively headbutt those who attack you in melee.
You have a pair of horns on your head.


Message History

You feel very sick.
You feel much better.
* * * LOW HITPOINT WARNING * * *
You feel very sick.
* * * LOW HITPOINT WARNING * * *
You feel very sick. Sonja closely misses you. You furiously retaliate!
You headbutt Sonja, but do no damage.
You see here a curare-tipped dart.
You hit Sonja.
Sonja flickers and vanishes!
Deactivating autopickup; reactivate with Ctrl-A.
* * * LOW HITPOINT WARNING * * *
You feel very sick. Something completely misses you.
You barely miss something. You headbutt something.
* * * LOW HITPOINT WARNING * * *
You feel very sick. Something hits you!
You die... "It was about time."

#..#####'#####'#__####...+ss
#..####..#...#.####,,#####ss
#..#__####..##.#≈ ≈ c
#..#_____##'#_.+≈ ,+ y
#⌠⌠#_.∩...'.(._#≈ ≈,c*
####_..__##_(#'#*+*** 9
,,#_____###(#.# , * P
#########{###*+* *, , ,
+§@§+ T,,+ + *#§☼§#** *** *
G , ##§## ,, , s G,,,,,,G*
#+#


xx,,, , *,,G ,P P,*+ + * * s G ,, , G ,, JJJJ G G , ** *JJJ, G,,, ,,G *nnnn,
,,,≈ C , ,* , , ≈ There were no monsters in sight!

Vanquished Creatures
  A kobold demonologist (D)
  A slime creature (D)
  Sigmund (D)
  A yak (D)
  A floating eye (D)
  An ogre (D)
  A jelly (D)
  Ijyb (D)
8 creatures vanquished.

Notes
Turn   | Place    | Note
-------+----------+-------------------------------------------
     0 | D        | silentkaos13 the Minotaur Chaos Knight began the quest for
                  | the Orb.
     0 | D        | Reached XP level 1. HP: 19/19 MP: 0/0
     1 | D        | Noticed Ijyb
    13 | D        | Killed Ijyb
    13 | D        | Reached skill level 5 in Fighting
    13 | D        | Reached skill level 5 in Axes
    13 | D        | Reached XP level 2. HP: 23/30 MP: 1/1
    79 | D        | Noticed an ogre
    79 | D        | XOM: potion effect (agility)
    82 | D        | XOM: butterfly on damage
    83 | D        | Killed an ogre
    83 | D        | Reached XP level 3. HP: 12/40 MP: 2/2
    83 | D        | Reached XP level 4. HP: 15/48 MP: 3/3
   230 | D        | XOM: divination: magic mapping
   289 | D        | Noticed Sigmund
   289 | D        | XOM: potion effect (brilliance)
   302 | D        | Killed Sigmund
   302 | D        | Reached skill level 10 in Fighting
   302 | D        | Reached skill level 10 in Axes
   302 | D        | Reached skill level 5 in Armour
   302 | D        | Reached XP level 5. HP: 19/58 MP: 4/4
   351 | D        | XOM: divination: magic mapping
   518 | D        | Found an ornate altar of the Wu Jian Council.
   518 | D        | Found a shimmering blue altar of Sif Muna.
   520 | D        | Found a radiant altar of Vehumet.
   523 | D        | Reached XP level 6. HP: 64/67 MP: 5/5
   553 | D        | Found Olimoy's General Store.
   553 | D        | Found an ancient bone altar of Kikubaaqudgha.
   553 | D        | Found a hazy altar of Hepliaklqana.
   553 | D        | Found a stormy altar of Qazlal.
   553 | D        | Found a hide-covered altar of Uskayaw.
   553 | D        | Found a blossoming altar of Fedhas.
   553 | D        | Found a bloodstained altar of Trog.
   553 | D        | Found an iron altar of Okawaru.
   553 | D        | Found a basalt altar of Yredelemnul.
   553 | D        | Found a glowing golden altar of the Shining One.
   553 | D        | Found a snail-covered altar of Cheibriados.
   553 | D        | Found a sacrificial altar of Ru.
   553 | D        | Found a glowing silver altar of Zin.
   553 | D        | Found a shadowy altar of Dithmenos.
   553 | D        | Found a white marble altar of Elyvilon.
   553 | D        | Noticed a yak
   560 | D        | Killed a yak
   560 | D        | Reached skill level 1 in Stealth
   561 | D        | Found an opulent altar of Gozag.
   562 | D        | Found a sparkling altar of Nemelex Xobeh.
   566 | D        | Bought a scroll of enchant weapon for 75 gold pieces
   578 | D        | Found a burning altar of Makhleb.
   578 | D        | Found a viscous altar of Jiyva.
   578 | D        | Found a shimmering altar of Xom.
   578 | D        | Found a corrupted altar of Lugonu.
   578 | D        | Noticed a slime creature
   584 | D        | HP: 2/68 [slime creature (8)]
   586 | D        | Killed a slime creature
   586 | D        | Reached XP level 7. HP: 2/77 MP: 6/6
   873 | D        | XOM: divination: detect creatures
   930 | D        | Noticed a kobold demonologist
   931 | D        | Noticed a kobold demonologist
   932 | D        | Noticed a smoke demon
   945 | D        | Killed a kobold demonologist
  1093 | D        | Noticed Sonja
  1098 | D        | XOM: divination: magic mapping
  1099 | D        | XOM: smoke on damage
  1099 | D        | XOM: swap monsters
  1100 | D        | Noticed Sonja
  1100 | D        | Sonja changed into Sonja the shapeshifter
  1100 | D        | XOM: polymorph Sonja -> Sonja the shapeshifter
  1100 | D        | Noticed Sonja
  1100 | D        | Sonja the shapeshifter changed into Sonja the yaktaur
  1101 | D        | XOM: harmless Summ miscast
  1106 | D        | Slain by Sonja the yaktaur (shapeshifter)

Levels and vault maps discovered:
D:        dungeon_sprint_1 [red_sonja_temple_1, red_sonja_temple_small_1]

Skill      XL: |  1  2  3  4  5  6  7 |
---------------+----------------------+-----
Fighting       | 5 8 10 12 13 | 13.2
Axes           | 5 8 10 12 13 | 13.3
Armour         | 3 4 5 6 7 |  7.0
Dodging        | 2 3 4 |  4.1
Stealth        | 1 2 |  2.7

Action                   |  1- 3 |  4- 6 |  7- 9 || total
-------------------------+-------+-------+-------++-------
Melee: Hand axe          |    14 |    25 |    22 ||    61
       Headbutt          |     5 |     5 |     4 ||    14
  Use: Scroll            |       |     1 |       ||     1
       Potion            |       |       |     1 ||     1
 Stab: Paralysed         |       |       |     4 ||     4
Armor: Leather armour    |     7 |     2 |    12 ||    21
Dodge: Dodged            |     2 |     4 |    26 ||    32

Table legend:
 A = Non-vault XP
 B = Vault XP
 C = Vault XP percentage of total XP
 D = Non-vault monster count
 E = Vault monster count
 F = Vault count percentage of total count
                 A         B        C        D         E       F
            +---------+---------+-------+---------+---------+-------
      Total |       0 |    1381 | 100.0 |       0 |       8 | 100.0
            +---------+---------+-------+---------+---------+-------
          D |       0 |    1381 | 100.0 |       0 |       8 | 100.0
            +---------+---------+-------+---------+---------+-------
